 Dungeon Crawl Stone Soup version 0.23-a0-182-g58cdd98 (webtiles) character file.

24 Amnesiac the Cutter (level 2, 0/24 HPs)
             Began as a Mummy Monk on Sept 21, 2018.
             Slain by a kobold (3 damage)
             ... on level 1 of the Dungeon.
             The game lasted 00:02:05 (786 turns).

Amnesiac the Cutter (Mummy Monk)                     Turns: 786, Time: 00:02:05

Health: 0/24       AC:  2    Str: 14    XL:     2   Next: 79%
Magic:  2/2        EV: 13    Int:  9    God:
Gold:   15         SH:  0    Dex: 14    Spells: 1/1 levels left

rFire    x . .     SeeInvis .   a - +0 short sword
rCold    + . .     Gourm    .   (no shield)
rNeg     + + +     Faith    .   b - +0 robe
rPois    ∞         Spirit   .   (no helmet)
rElec    .         Reflect  .   (no cloak)
rCorr    .         Harm     .   (no gloves)
MR       .....                  (no boots)
Stlth    ++........             (no amulet)
HPRegen  0.08/turn              d - ring of flight
MPRegen  0.08/turn              (no ring)

@: no status effects
A: no food or potions, fire vulnerability, cold resistance 1, negative energy
resistance 3, torment resistance, unbreathing
a: Evoke Flight


You were on level 1 of the Dungeon.
You were not hungry.

You visited 1 branch of the dungeon, and saw 2 of its levels.

You collected 15 gold pieces.

Inventory:

Hand Weapons
 a - a +0 short sword (weapon)
Armour
 b - a +0 robe (worn)
Jewellery
 d - a ring of flight (left hand)
Scrolls
 c - a scroll of teleportation {!r, unknown}


   Skills:
 - Level 3.0 Fighting
 + Level 3.3 Short Blades
 - Level 2.4 Dodging
 - Level 1.5 Stealth


You had one spell level left.
You didn't know any spells.
Your spell library was empty.

Dungeon Overview and Level Annotations

Branches:
Dungeon (2/15)

Altars:
Trog
Xom

Annotations:
D:2 Robin


Innate Abilities, Weirdness & Mutations

You do not eat or drink.
Your flesh is vulnerable to fire.
You are immune to poison.
Your flesh is cold resistant. (rC+)
You are immune to negative energy. (rN+++)
You are immune to unholy pain and torment.
You can survive without breathing.


Message History

a club; a goblin corpse
Found a shimmering altar of Xom.
There is a shimmering altar of Xom here.
You see here a ration.
Found a glowing trident.
A frilled lizard comes into view.
The frilled lizard hisses angrily.
You hear a shout!
A goblin comes into view. It is wielding a dagger.
A goblin and 2 hobgoblins come into view.
The goblin shouts!
The hobgoblin shouts!
You hear a shout! x2
Robin of the Strong Arm comes into view.
She is wielding a vampiric whip.
You swing at nothing.
You swing at nothing.
You swing at nothing.
You swing at nothing.
The frilled lizard bites you.
You swing at nothing.
The frilled lizard bites you.
You swing at nothing.
The frilled lizard bites you but does no damage.
You swing at nothing.
The frilled lizard bites you.
You swing at nothing.
The frilled lizard barely misses you.
You hit the hobgoblin.
The hobgoblin is lightly wounded.
The frilled lizard closely misses you. The hobgoblin hits you.
You barely miss the hobgoblin.
The hobgoblin is lightly wounded.
A goblin comes into view.
The goblin shouts!
You hit the hobgoblin.
The hobgoblin is almost dead.
The hobgoblin hits you. The frilled lizard closely misses you.
You hit the hobgoblin.
You kill the hobgoblin!
The frilled lizard bites you.
* * * LOW HITPOINT WARNING * * *
A goblin comes into view.
You hit the frilled lizard.
You kill the frilled lizard!
You closely miss the goblin. The goblin hits you.
* * * LOW HITPOINT WARNING * * *
A goblin comes into view.
There is a stone staircase leading up here.
You hit the goblin.
The goblin is moderately wounded.
The goblin misses you.
You hit the goblin.
You kill the goblin!
The hobgoblin barely misses you.
You climb upwards.
The worm bites you!
* * * LOW HITPOINT WARNING * * *
There is a stone staircase leading down here.
You are too injured to fight recklessly!
The hobgoblin closely misses you.
A kobold comes into view. It is wielding a dagger.
The kobold shouts!
You hear a shout!
The kobold completely misses you.
A kobold comes into view.
You hit the kobold.
You kill the kobold!
The kobold throws a stone.
The stone hits you.
* * * LOW HITPOINT WARNING * * *
The hobgoblin closely misses you.
A rat comes into view.
The kobold hits you.
You die...

.. ####.######+#
#...........#
#...........#
#...........#
#........r..## ##
#....K........ .#####
#@## ....# .....# #(.#
....# .....# ##g# ....#
.....############.##....#
...............##..#....#
...............###.#....#
.......!.......# #..#.#
...............# ##w#.#
...............# #.#.#


You could see a worm, a hobgoblin, a kobold and a rat (wandering).

Vanquished Creatures
  An adder (D:2)
  3 goblins
  2 hobgoblins (D:2)
  3 kobolds (D:1)
  4 bats
  2 frilled lizards (D:2)
  A rat (D:2)
16 creatures vanquished.

Notes
Turn   | Place    | Note
-------+----------+-------------------------------------------
     0 | D:1      | Amnesiac the Mummy Monk began the quest for the Orb.
     0 | D:1      | Reached XP level 1. HP: 18/18 MP: 1/1
   465 | D:2      | Found a bloodstained altar of Trog.
   474 | D:2      | Reached XP level 2. HP: 24/24 MP: 2/2
   679 | D:2      | Found a shimmering altar of Xom.
   738 | D:2      | Noticed Robin
   786 | D:1      | Slain by a kobold

Vault maps used:
D:1:      lightli_arrival_windingriver
D:2:      elyvilon_altar_5, lemuel_doored_altar, marbit_many_paths, uniq_robin,
          uniq_terence

Skill      XL: |  1  2 |
---------------+-------+-----
Short Blades   | 3 |  3.3
Fighting       | |  3.0
Dodging        | |  2.4
Stealth        | |  1.5

Action                   || total
-------------------------++-------
Melee: Short sword       ||    48
Armor: Robe              ||    16
Dodge: Dodged            ||    40

Table legend:
 A = Non-vault XP
 B = Vault XP
 C = Vault XP percentage of total XP
 D = Non-vault monster count
 E = Vault monster count
 F = Vault count percentage of total count
                 A         B        C        D         E       F
            +---------+---------+-------+---------+---------+-------
      Total |      29 |       6 |  17.1 |      13 |       3 |  18.8
            +---------+---------+-------+---------+---------+-------
        D:1 |       9 |       0 |   0.0 |       7 |       0 |   0.0
        D:2 |      20 |       6 |  23.1 |       6 |       3 |  33.3
            +---------+---------+-------+---------+---------+-------
